 Dungeon Sprint DCSS version 0.31.0-11-ge490571c62 (webtiles) character file.

Game seed: 12856953074526500807

9 boopmooplesden the Twirler (level 2, -2/39 HPs)
             Began as a Minotaur Gladiator on Feb 1, 2024.
             Killed by psychic fangs
             ... invoked by a neqoxec
              (12 damage)
             ... in the Dungeon (Sprint II: "The Violet Keep of Menkaure").
             The game lasted 00:00:28 (222 turns).

boopmooplesden the Twirler (Minotaur Gladiator)      Turns: 222, Time: 00:00:29

Health: -2/39      AC:  3    Str: 18    XL:     2   Next: 6%
Magic:  0/1        EV: 12    Int:  1    God:
Gold:   243        SH:  0    Dex: 11    Spells: 1/1 levels left

rFire   . . .        a - +0 quarterstaff
rCold   . . .        (shield currently unavailable)
rNeg    . . .        b - +0 leather armour
rPois   .            c - +0 hat
rElec   .            (no cloak)
rCorr   .            (no gloves)
SInv    .            (no boots)
Will    .....        (no amulet) Stlth
                     (no ring)
HPRegen 0.26/turn    (no ring)
MPRegen 0.07/turn

%: no teleportation
@: berserking (expiring), very quick
A: horns 2, retaliatory headbutt, deterioration 1, dopey 2
a: no special abilities


You were in the Dungeon.
You visited 1 branch You collected 243 gold pieces.

Inventory:

Hand Weapons
 a - a +0 quarterstaff (weapon)
Missiles
 d - 3 throwing nets (quivered)
 e - a javelin
Armour
 b - a +0 leather armour (worn)
 c - a +0 hat (worn)
Scrolls
 k - a scroll of blinking
Potions
 f - a potion of curing
 g - a potion of heal wounds
 h - a potion of haste
 i - 2 potions of magic


   Skills:
 + Level 3.0 Fighting
 + Level 4.8 Staves
 + Level 2.2 Throwing
 + Level 4.3 Dodging


You had one spell level left.
You didn't know any spells.
Your spell library was empty.

Dungeon Overview and Level Annotations

Branches:
Dungeon (1/1)

Altars:


Innate Abilities, Weirdness & Mutations

You have a pair of horns on your head.
You reflexively headbutt those who attack you in melee.
Your body sometimes deteriorates upon taking damage.
You are very dopey. (Int -4)


Message History

A neqoxec comes into view.
Sorry, you're not good enough to have a special ability.
A red film seems to cover your vision as you go berserk!
You feel yourself moving faster!
You feel mighty! The neqoxec gestures at you. Something gnaws on your mind!
You feel your power leaking away.
You hit the neqoxec but do no damage. The neqoxec hits you.
You closely miss the neqoxec. The neqoxec gestures at you.
Strange energies course through your body.
You feel stupid.
You closely miss the neqoxec. The neqoxec hits you.
You hit the neqoxec.
The neqoxec is lightly wounded.
You closely miss the neqoxec.
The neqoxec is lightly wounded.
The neqoxec gestures at you. Something gnaws heavily on your mind!
* * * LOW HITPOINT WARNING * * *
You closely miss the neqoxec.
The neqoxec is lightly wounded.
The neqoxec gestures at you.
Strange energies course through your body.
You feel yourself wasting away.
You sock the neqoxec! Your headbutt misses the neqoxec.
The neqoxec is moderately wounded.
The neqoxec completely misses you.
You closely miss the neqoxec. Your headbutt misses the neqoxec.
The neqoxec is moderately wounded.
You barely miss the neqoxec.
The neqoxec is moderately wounded.
The neqoxec gestures at you.
Strange energies course through your body.
You feel stupid.
You hit the neqoxec but do no damage.
The neqoxec is moderately wounded.
The neqoxec gestures at you. Something gnaws heavily on your mind!
You die...

## #. ##3
## #3#
#.#
##@##.###
+.<.'##.+
##.##...#
#+###.##
###


You could see 2 neqoxecs.

Vanquished Creatures
  3 ribbon worms (D)
3 creatures vanquished.

Notes
Turn   | Place    | Note
-------+----------+-------------------------------------------
     0 | D        | boopmooplesden the Minotaur Gladiator began the quest for
                  | the Orb.
     0 | D        | Reached XP level 1. HP: 18/18 MP: 0/0
    21 | D        | Reached XP level 2. HP: 5/26 MP: 1/1
   211 | D        | Noticed a neqoxec
   211 | D        | Noticed a neqoxec
   214 | D        | Gained mutation: You are dopey. (Int -2) [a neqoxec]
   218 | D        | Gained mutation: Your body sometimes deteriorates upon
                  | taking damage. [a neqoxec]
   221 | D        | Gained mutation: You are very dopey. (Int -4) [a neqoxec]
   222 | D        | Killed from afar by a neqoxec

Illustrated notes

Levels and vault maps discovered:
D:        the_violet_keep_of_menkaure [sprint2_stairs_cluster_1,
          sprint2_shoproom, sprint2_temple, sprint2_basic_supplies,
          sprint2_obstacle_2, sprint2_obstacle_3, sprint2_obstacle_4,
          sprint2_obstacle_1, sprint2_obstacle_5, sprint2_timed_cluster_1,
          sprint2_smallroom_cluster_1, sprint2_smallroom_final_cluster_1,
          sprint2_transparent_cluster_1, sprint2_second_timed_cluster_1,
          sprint2_sniper_area_1, sprint2_heavy_combat_area_1,
          sprint2_mutation_trap_area_1, sprint2_forest_area_1,
          sprint2_light_combat_area_1, sprint2_behind_water_1,
          sprint2_near_end_vault_1]

Skill      XL: |  1 |
---------------+----+-----
Staves         | 4 |  4.8
Dodging        | 4 |  4.3
Fighting       | 3 |  3.0
Throwing       | |  2.2

Action                     || total
---------------------------++-------
  Melee: Quarterstaff      ||    22
         Headbutt          ||     2
  Throw: Throwing net      ||     3
    Use: Potion            ||     1
 Armour: Leather armour    ||     7
  Dodge: Dodged            ||     7
